AoeStats
← Ebrio

Pilgrims

509386499Analyzed
4v4 RM · 7d ago on Sep 26, 2026· 59m 18s· 8 players
Game mode
Random Map
Map size
Large (8 player)
Population
200
Speed
Normal
Resources
Standard
Victory
Conquest
Starting age
Dark Age
Ending age
Imperial Age
RankedLock teamsTeams togetherTeam positionsShared explorationLock speedFull tech treeHidden civsTurbo modeCheats
Victory
Defeat
🇹🇷 Armenians · Türkiye
871
+16
🇭🇺 Vietnamese · Hungary
844
+17
🇨🇿 Romans · Czechia
825
+18
🇵🇹 Maya · Portugal
776
+19
🇬🇧 Portuguese · United Kingdom
918
-20
🇦🇷 Persians · Argentina
878
-18
🇨🇳 Bohemians · China
872
-18
🇵🇹 Vikings · Portugal
769
-14
Terminor
5:47 Loom
13:43 Feudal Age
14:39 Horse Collar
14:45 Double-Bit Axe
21:27 Castle Age
23:18 Bow Saw
23:10 Heavy Plow
27:39 Wheelbarrow
29:11 Hand Cart
32:27 Stone Mining
36:50 Imperial Age
34:54 Gold Mining
35:03 Murder Holes
35:28 Ballistics
36:10 Masonry
37:23 Fortified Wall
37:06 Fletching
37:17 Padded Archer Armor
37:17 Scale Mail Armor
38:08 Arson
38:24 Squires
38:22 Town Watch
39:31 Stone Shaft Mining
39:16 Bodkin Arrow
39:37 Leather Archer Armor
40:36 Thumb Ring
41:37 Chemistry
41:31 Paper Money
43:06 Two-Man Saw
42:17 Forging
42:11 Bracer
42:39 Elite Rattan Archer
44:34 Leather Archer Armor
47:18 Bloodlines
47:09 Husbandry
46:30 Light Cavalry
48:12 Scale Barding Armor
48:38 Ring Archer Armor
48:18 Forging
48:16 Elite Fire Lancer
50:29 Chain Barding Armor
50:25 Chain Mail Armor
50:50 Chatras
53:54 Plate Barding Armor
53:50 Plate Mail Armor
53:55 Iron Casting
57:29 Hoardings
KingBrun0
14:44 Feudal Age
20:45 Castle Age
19:23 Wheelbarrow
18:35 Double-Bit Axe
18:36 Fishing Lines
20:17 Scale Mail Armor
20:28 Forging
22:03 Gillnets
22:50 Chain Mail Armor
23:11 Iron Casting
25:52 Imperial Age
32:26 Loom
34:42 Squires
34:24 Pikeman
36:04 Eagle Warrior
36:31 Arson
SevenLives <3
14:23 Loom
16:08 Feudal Age
23:54 Castle Age
21:44 Double-Bit Axe
21:53 Gold Mining
21:54 Stone Mining
27:33 Guard Tower
30:45 Wheelbarrow
29:58 Town Watch
31:56 Bow Saw
32:57 Forging
32:47 Scale Mail Armor
32:57 Squires
32:48 Arson
35:14 Iron Casting
34:54 Chain Mail Armor
34:13 Pikeman
37:14 Hand Cart
37:00 Town Patrol
37:39 Halberdier
43:33 Imperial Age
42:14 Gold Shaft Mining
41:08 Man-at-Arms
41:34 Gambesons
42:20 Long Swordsman
45:36 Blast Furnace
45:07 Plate Mail Armor
44:30 Two-Handed Swordsman
46:06 Fletching
48:01 Bodkin Arrow
47:57 Champion
54:07 Bracer
54:10 Padded Archer Armor
56:23 Elite Skirmisher
Viper
6:08 Loom
11:23 Feudal Age
12:54 Wheelbarrow
12:11 Double-Bit Axe
14:02 Horse Collar
14:35 Gold Mining
14:49 Stone Mining
17:36 Man-at-Arms
19:11 Forging
19:02 Scale Mail Armor
25:14 Castle Age
26:30 Hand Cart
26:52 Gold Shaft Mining
26:20 Heavy Plow
26:38 Bow Saw
28:44 Iron Casting
28:25 Chain Mail Armor
28:00 Fletching
29:29 Caravan
30:00 Coinage
31:04 Squires
30:25 Pikeman
32:33 Long Swordsman
34:07 Bodkin Arrow
35:53 Murder Holes
36:19 Ballistics
taiko
4:50 Loom
12:59 Feudal Age
13:45 Double-Bit Axe
15:15 Horse Collar
16:36 Man-at-Arms
19:04 Arson
21:22 Gold Mining
23:37 Castle Age
21:49 Stone Mining
22:27 Scale Mail Armor
22:49 Forging
26:14 Gold Shaft Mining
25:54 Bow Saw
26:05 Heavy Plow
26:43 Chieftains
26:17 Long Swordsman
35:43 Imperial Age
35:52 Imperial Age
35:59 Onager
36:01 Capped Ram
37:27 Conscription
41:02 Chain Mail Armor
41:22 Iron Casting
46:18 Elite Berserk
48:16 Plate Mail Armor
49:01 Blast Furnace
Ebrio
8:04 Loom
16:09 Feudal Age
17:46 Double-Bit Axe
21:29 Castle Age
20:31 Gold Mining
21:59 Bloodlines
21:57 Scale Barding Armor
22:05 Husbandry
22:51 Gold Shaft Mining
24:08 Chain Barding Armor
25:16 Forging
24:58 Fishing Lines
32:28 Iron Casting
39:34 Imperial Age
37:44 Wheelbarrow
38:18 Padded Archer Armor
38:09 Fletching
51:01 Chemistry
50:21 Ballistics
50:19 Leather Archer Armor
50:00 Bodkin Arrow
51:15 Masonry
51:39 Ring Archer Armor
51:45 Plate Barding Armor
50:33 Light Cavalry
54:27 Conscription
55:55 Scale Mail Armor
56:55 Blast Furnace
@156W21758K
12:14 Feudal Age
12:21 Man-at-Arms
41:42 Castle Age
Done
11:51 Feudal Age
10:09 Loom
13:12 Town Watch
13:44 Double-Bit Axe
13:46 Fishing Lines
17:38 Gold Mining
21:18 Wheelbarrow
23:23 Castle Age
21:19 Fletching
24:19 Medium Warships
24:02 Gillnets
24:42 Bow Saw
24:31 Horse Collar
27:33 Stone Mining
28:22 Wheelbarrow
30:41 Hand Cart
33:03 Stone Shaft Mining
33:36 Heavy Plow
38:06 Imperial Age
39:52 Two-Man Saw
39:25 Crop Rotation
39:17 Conscription
39:42 Forging
39:38 Scale Barding Armor
39:38 Husbandry
39:49 Bloodlines
39:04 Cavalier
39:47 Town Patrol
40:11 Elite Organ Gun
41:38 Chain Barding Armor
41:54 Iron Casting
42:49 Onager
44:59 Plate Barding Armor
45:25 Blast Furnace
47:22 Chemistry
46:43 Ballistics
46:29 Siege Engineers
52:55 Elite Skirmisher
53:50 Padded Archer Armor
53:46 Bodkin Arrow
54:53 Pikeman
56:15 Halberdier
58:52 Thumb Ring
Connection lost

Rejoining the realm…

Still unreachable

The connection could not be restored.

Session expired

The server has moved on; the page needs a fresh start.